 Dungeon Crawl Stone Soup version 0.30-a0-802-gb92711bcdf (webtiles) character file.

Game seed: 15086651301251806790

27836 Newt the Cleaver (level 13, -1/98 HPs)
             Began as a Demonspawn Gladiator on Feb 24, 2023.
             Was a High Priest of Okawaru.
             Splashed by a goliath frog's acid (3 damage)
             ... while petrified by a catoblepas
             ... on level 4 of the Lair of Beasts.
             The game lasted 00:18:22 (13614 turns).

Newt the Cleaver (Demonspawn Gladiator)            Turns: 13614, Time: 00:18:23

Health: -1/98      AC:  9    Str: 19    XL:     13   Next: 6%
Magic:  20/20      EV:  2    Int:  9    God:    Okawaru [*****.]
Gold:   1105       SH:  0    Dex: 16    Spells: 20/22 levels left

rFire   . . .      SeeInvis +    q - +7 hand axe of Fazxet {drain, SInv}
rCold   . . .      Faith    .    f - +3 warlock's mirror {omnireflect}
rNeg    + + +      Spirit   .    K - +1 troll leather armour
rPois   ∞          Reflect  +    c - +0 helmet
rElec   .          Harm     .    (no cloak)
rCorr   .          Rampage  .    (no gloves)
Will    .....                    g - +1 pair of boots
Stlth   ++                       (no amulet)
HPRegen 1.16/turn                r - +4 ring of protection
MPRegen 0.17/turn                x - ring of flight

@: petrified, corroded, flying
A: claws 2, yellow scales 2, (demonic guardian 2), demonic magic 1
a: Renounce Religion, Heroism, Finesse, Duel


You were on level 4 of the Lair of Beasts.
You worshipped Okawaru.
Okawaru was extremely pleased with you.
You visited 2 branches of the dungeon, and saw 15 of its levels.
You also visited: Bailey and Volcano.

You collected 1105 gold pieces.

Inventory:

Hand Weapons
 a - a +1 rapier
 q - the +7 hand axe of Fazxet (weapon) {drain, SInv}
   (You found it on level 4 of the Dungeon)

   SInv:      It lets you see invisible.
 u - the +8 sling of Unreason {freeze, rPois rC+++ Str-5 SInv}
   (You found it on level 4 of the Dungeon)

   Str:       It affects your strength (-5).
   rC:        It renders you almost immune to cold.
   rPois:     It protects you from poison.
   SInv:      It lets you see invisible.
Missiles
 d - 3 throwing nets
 e - 21 javelins
 s - 3 curare-tipped darts
 A - 13 poisoned darts
 B - 15 boomerangs (quivered)
 H - 2 silver javelins
Armour
 b - a +0 leather armour
 c - a +0 helmet (worn)
 f - the +3 warlock's mirror (worn) {omnireflect}
   (Okawaru gifted it to you on level 3 of the Lair of Beasts)

   Omnireflect: It can block and reflect piercing ranged attacks and magical
   attacks against the wielder's willpower.
 g - a +1 pair of boots (worn)
 y - +0 fire dragon scales
 D - a +2 leather armour of fire resistance
 G - +0 steam dragon scales
 J - a +0 kite shield
 K - a +1 troll leather armour (worn)
 U - a +4 scale mail of cold resistance
Jewellery
 i - a ring of fire
 r - a +4 ring of protection (left claw)
 x - a ring of flight (right claw)
 V - a ring of ice
Wands
 E - a wand of mindburst (1)
 F - a wand of roots (18)
 L - a wand of digging (8)
 R - a wand of light (11)
 T - a wand of polymorph (6)
Scrolls
 j - 5 scrolls of teleportation
 t - a scroll of enchant weapon
 N - a scroll of brand weapon
 O - a scroll of blinking
 P - a scroll of silence
 S - 2 scrolls of fear
Potions
 h - a potion of degeneration
 k - a potion of magic
 l - 3 potions of attraction
 m - 4 potions of curing
 n - a potion of resistance
 o - 2 potions of mutation
 p - 3 potions of cancellation
 v - 2 potions of brilliance
 w - 2 potions of might
 z - a potion of berserk rage
 C - 7 potions of flight
 I - a potion of haste
 M - 3 potions of heal wounds
 Q - a potion of ambrosia


   Skills:
 - Level 8.0 Fighting
 - Level 2.6 Short Blades
 - Level 12.0 Axes
 - Level 8.0 Throwing
 + Level 9.8 Armour
 - Level 2.6 Dodging
 - Level 1.5 Stealth
 - Level 5.0 Spellcasting
 - Level 5.0 Transmutations
 - Level 5.0 Evocations


You had 20 spell levels left.
You knew the following spells:

 Your Spells              Type           Power      Damage    Failure   Level
a - Wereblood             Tmut           11%        N/A       8%          2

Your spell library contained the following spells:

 Spells                   Type           Power      Damage    Failure   Level
 Magic Dart               Conj           8%         1d3       36%         1
 Searing Ray              Conj           4%         2d4       50%         2
 Sublimation of Blood     Necr           2%         N/A       50%         2
 Inner Flame              Hex/Fire       2%         N/A       75%         3
 Flame Wave               Conj/Fire      2%         2d4       98%         4
 Fulminant Prism          Conj/Hex       1%         3d5       98%         4
 Sticky Flame             Conj/Fire      2%         2d3       98%         4
 Summon Hydra             Summ           Unusable   N/A       N/A         7

Dungeon Overview and Level Annotations

Branches:
Dungeon (10/15)            Temple (0/1) D:7            Lair (5/5) D:10
  Swamp (0/4) Lair:3        Snake (0/4) Lair:3       Bailey (visited)
Volcano (visited)
  Slime: Lair:4-5       Orc: D:9-12

Altars:
Ashenzari
Cheibriados
Fedhas
Gozag
Kikubaaqudgha
Makhleb
Okawaru
Trog
Uskayaw
Wu Jian

Shops:
D:9 :


Innate Abilities, Weirdness & Mutations

You have very sharp fingernails.
You are mostly covered in yellow scales. (AC +3)
((A demonic guardian rushes to your aid.))
Spells you cast may paralyse adjacent enemies.


Message History

You hit the catoblepas. You drain the catoblepas.
The catoblepas is heavily wounded.
The catoblepas breathes a plume of calcifying dust at you.
Your +3 warlock's mirror {omnireflect} reflects the blast of calcifying dust!
The blast of calcifying dust hits the catoblepas.
The catoblepas attacks as you move away!
The catoblepas gores you!!
The goliath frog hits you but does no damage.
The catoblepas breathes a plume of calcifying dust at you.
The blast of calcifying dust hits you but does no damage.
You are engulfed in calcifying dust.
You are slowing down.
There is a stone staircase leading up, spattered with blood here.
Unknown command.
Unknown command.
Unknown command.
Unknown command.
You are engulfed in calcifying dust.
The goliath frog hits you! The acid corrodes you!
You are splashed with acid!
The goliath frog hits you!
You are splashed with acid!
Your limbs are stiffening.
You fly upwards.
You have turned to stone.
The goliath frog hits you! The acid corrodes you!
You are splashed with acid!
The goliath frog hits you!
You are splashed with acid!
The goliath frog hits you.
You are splashed with acid!
The goliath frog barely misses you.
The goliath frog hits you but does no damage.
The goliath frog hits you! The acid corrodes you!
You are splashed with acid!
* * * LOW HITPOINT WARNING * * *
The goliath frog hits you!!
* * * LOW HITPOINT WARNING * * *
You are splashed with acid.
* * * LOW HITPOINT WARNING * * *
The goliath frog hits you!
* * * LOW HITPOINT WARNING * * *
You are splashed with acid!
* * * LOW HITPOINT WARNING * * *
The goliath frog hits you!
* * * LOW HITPOINT WARNING * * *
The acid corrodes you!
You are splashed with acid.
You die...

...##.........P#..###........#...
..###.............# #......+.##..
#.# #.........#..####......###.##
#####..........#####....††.#####
#...#.[...#..# #.........#
#########.#.....####.##..#.##
.<.# #..........##.##..#...# ###
...####....P...#..#.#..##...# #..
...#.###.....#.#@÷..##.#...####..
.......#.#.P#...F..#P####...#...#
...#...+.....#÷.....##..#..#...##
...####...#...##....#..###.+?####
...## #.............##†###.#..# #
....# #.P.....PP......†......##
...P# ##.........#####.......# #
.)### #..##+##### #####.### #
..## ###...## ### #


You could see a goliath frog.

Vanquished Creatures
  Josephine (Lair:4)
  A fire dragon (Volcano)
  A hydra (Lair:4)
  A catoblepas (Lair:4)
  A two-headed ogre (D:10)
  A boulder beetle (Lair:3)
  A hell hog (Volcano)
  Urug (Lair:4)
  4 skysharks
  A deep troll (Lair:2)
  5 black mambas
  6 elephants (Lair:5)
  An orange demon (D:9)
  7 cane toads
  2 rime drakes
  3 komodo dragons (Lair:3)
  A troll (D:10)
  2 hornets
  Prince Ribbit (D:7)
  8 blink frogs
  A shadow (D:10)
  16 yaks
  2 wyverns (D:10)
  4 wraiths (Lair:4)
  5 fire bats (Volcano)
  A basilisk (Lair:3)
  5 steam dragons
  A vampire mosquito (Lair:5)
  6 nagas (Lair:3)
  An acid dragon (D:10)
  2 hell hounds (Volcano)
  8 water moccasins
  9 orc warriors
  A black bear (D:7)
  6 wolves
  2 ogres (D:7)
  A phantom (D:4)
  3 centaurs
  A kobold brigand (D:10)
  2 necrophages
  6 bullfrogs
  3 scorpions
  3 wights (D:8)
  8 electric eels
  9 hounds
  2 jellies (D:5)
  6 orc priests
  3 iguanas
  9 orc wizards
  4 adders
  A gnoll (Bailey)
  4 shadow imps
  3 white imps
  2 worms
  2 dart slugs (D:2)
  29 orcs
  3 endoplasms
  2 giant cockroaches (D:1)
  3 goblins
  6 hobgoblins
  4 jackals (D:3)
  14 kobolds
  A quokka (D:1)
  7 ball pythons
  5 bats
  2 frilled lizards (D:3)
  6 rats
273 creatures vanquished.

Vanquished Creatures (others)
  An orc wizard (D:4)
  2 kobolds (D:10)
  A demonic plant (D:9)
  9 fungi
  68 plants
81 creatures vanquished.

Grand Total: 354 creatures vanquished

Notes
Turn   | Place    | Note
-------+----------+-------------------------------------------
     0 | D:1      | Newt the Demonspawn Gladiator began the quest for the Orb.
     0 | D:1      | Reached XP level 1. HP: 16/16 MP: 1/1
    67 | D:1      | Reached skill level 1 in Stealth
   147 | D:1      | Gained mutation: You are partially covered in yellow
                  | scales. (AC +2) [demonic ancestry]
   147 | D:1      | Reached XP level 2. HP: 22/22 MP: 2/2
  1331 | D:2      | Gained mutation: You are mostly covered in yellow scales.
                  | (AC +3) [demonic ancestry]
  1331 | D:2      | Reached XP level 3. HP: 29/29 MP: 3/3
  1421 | D:3      | Found a hide-covered altar of Uskayaw.
  2330 | D:4      | Identified the +7 hand axe of Fazxet {drain, SInv}
  2349 | D:4      | Noticed a phantom
  2358 | D:4      | Killed a phantom
  2359 | D:4      | Reached skill level 1 in Axes
  2359 | D:4      | Gained mutation: A weak demonic guardian rushes to your
                  | aid. [demonic ancestry]
  2359 | D:4      | Reached XP level 4. HP: 28/37 MP: 4/4
  2407 | D:4      | Reached skill level 2 in Axes
  2454 | D:4      | Reached XP level 5. HP: 42/42 MP: 5/5
  2600 | D:4      | Reached skill level 3 in Axes
  2747 | D:4      | Identified the +8 sling of Unreason {freeze, rPois rC+++
                  | Str-5 SInv}
  3116 | D:5      | Entered Level 5 of the Dungeon
  3116 | D:5      | Found a broken altar of Ashenzari.
  3136 | D:5      | Reached XP level 6. HP: 48/48 MP: 6/6
  3173 | D:5      | Reached skill level 4 in Axes
  3373 | D:5      | Found an iron altar of Okawaru.
  3389 | D:5      | Became a worshipper of Warmaster Okawaru
  3405 | D:5      | Reached skill level 5 in Axes
  3500 | D:5      | Reached skill level 1 in Spellcasting
  3502 | D:5      | Reached skill level 1 in Transmutations
  3721 | D:5      | Noticed a torpor snail
  3725 | D:5      | Gained mutation: A demonic guardian rushes to your aid.
                  | [demonic ancestry]
  3725 | D:5      | Reached XP level 7. HP: 54/54 MP: 7/9
  3746 | D:5      | Found a snail-covered altar of Cheibriados.
  3746 | D:5      | Noticed a torpor snail
  3748 | D:5      | Noticed a torpor snail
  4091 | D:6      | Reached * piety under Okawaru
  4135 | D:6      | Reached XP level 8. HP: 18/60 MP: 13/13
  4149 | D:6      | Learned a level 2 spell: Wereblood
  4441 | D:6      | Reached ** piety under Okawaru
  4746 | D:7      | Reached skill level 5 in Spellcasting
  4746 | D:7      | Reached skill level 5 in Transmutations
  4833 | D:7      | Identified the +1 short sword of Courage {venom, rC+ Int+3
                  | Stlth-}
  4869 | D:7      | Found a flagged portal.
  4878 | Bailey   | Entered a bailey
  4988 | Bailey   | Reached skill level 6 in Axes
  5100 | Bailey   | Reached *** piety under Okawaru
  5101 | Bailey   | Gained mutation: You have sharp fingernails. [demonic
                  | ancestry]
  5101 | Bailey   | Reached XP level 9. HP: 65/65 MP: 13/16
  5108 | Bailey   | Reached skill level 7 in Axes
  5338 | D:7      | Found a bloodstained altar of Trog.
  5370 | D:7      | Found an ancient bone altar of Kikubaaqudgha.
  5394 | D:7      | Noticed Prince Ribbit
  5412 | D:7      | Killed Prince Ribbit
  5506 | D:7      | Found a blossoming altar of Fedhas.
  5515 | D:7      | Found a staircase to the Ecumenical Temple.
  5715 | D:7      | Reached skill level 8 in Axes
  6254 | D:8      | Reached **** piety under Okawaru
  6255 | D:8      | Reached skill level 9 in Axes
  6255 | D:8      | Reached skill level 1 in Evocations
  6572 | D:8      | Identified the +1 whip "Kiosoyd" {vamp, rElec rCorr Int+2}
  7119 | D:9      | Identified the +3 sling of Luxury {speed, rPois rF+}
  7148 | D:9      | Found Byutyume's Vocational Training.
  7191 | D:9      | Noticed an orange demon
  7201 | D:9      | Killed an orange demon
  7201 | D:9      | Received a gift from Okawaru
  7202 | D:9      | Reached skill level 5 in Evocations
  7241 | D:9      | You are sucked into a shaft and drop 1 floor!
  7241 | D:10     | Entered Level 10 of the Dungeon
  7297 | D:10     | Found a staircase to the Lair.
  7302 | D:10     | Gained mutation: Spells you cast may paralyse adjacent
                  | enemies. [demonic ancestry]
  7302 | D:10     | Reached XP level 10. HP: 71/71 MP: 14/17
  7343 | D:10     | Received a gift from Okawaru
  7481 | D:10     | Found an opulent altar of Gozag.
  7535 | D:10     | Reached skill level 5 in Throwing
  7703 | D:10     | Found an ornate altar of the Wu Jian Council.
  7761 | D:10     | Noticed a two-headed ogre
  7770 | D:10     | Killed a two-headed ogre
  7770 | D:10     | Received a gift from Okawaru
  8016 | D:10     | Found a burning altar of Makhleb.
  8372 | Lair:1   | Entered Level 1 of the Lair of Beasts
  8421 | Lair:1   | You are sucked into a shaft and drop 1 floor!
  8982 | Lair:2   | Noticed a deep troll
  8994 | Lair:2   | Killed a deep troll
  8994 | Lair:2   | Reached ***** piety under Okawaru
  9124 | Lair:2   | Noticed a cane toad
  9134 | Lair:2   | Killed a cane toad
  9135 | Lair:2   | Reached XP level 11. HP: 56/77 MP: 18/18
  9298 | Lair:2   | Noticed a skyshark
  9323 | Lair:2   | Killed a skyshark
  9324 | Lair:2   | Reached skill level 10 in Axes
 10079 | Lair:3   | Paralysed by a hornet for 2 turns
 10104 | Lair:3   | Received a gift from Okawaru
 10105 | Lair:3   | Reached skill level 11 in Axes
 10195 | Lair:3   | Received a gift from Okawaru
 10195 | Lair:3   | Found the +3 warlock's mirror {omnireflect}
 10460 | Lair:3   | Found a dark tunnel.
 10465 | Volcano  | Entered a volcano
 10540 | Volcano  | Reached skill level 12 in Axes
 10598 | Volcano  | Noticed a hell hog
 10605 | Volcano  | Killed a hell hog
 10606 | Volcano  | Reached skill level 5 in Fighting
 10677 | Volcano  | Noticed a fire dragon
 10716 | Volcano  | Killed a fire dragon
 10863 | Lair:3   | Noticed a boulder beetle
 10906 | Lair:3   | Killed a boulder beetle
 10962 | Lair:3   | Gained mutation: You have very sharp fingernails. [demonic
                  | ancestry]
 10962 | Lair:3   | Reached XP level 12. HP: 91/91 MP: 19/19
 11293 | Lair:3   | Found a staircase to the Snake Pit.
 11315 | Lair:3   | Found a staircase to the Swamp.
 11327 | Lair:3   | Reached skill level 1 in Armour
 11610 | Lair:3   | Identified the +1 robe of the Volcano {Rampage rPois}
                  | (Okawaru gifted it to you on level 3 of the Lair of Beasts)
 11610 | Lair:3   | Received a gift from Okawaru
 11948 | Lair:4   | Noticed Josephine
 11956 | Lair:4   | Reached skill level 5 in Armour
 11969 | Lair:4   | Killed Josephine
 12445 | Lair:4   | Noticed a catoblepas
 12463 | Lair:4   | Killed a catoblepas
 12650 | Lair:4   | Noticed Urug
 12664 | Lair:4   | Killed Urug
 12897 | Lair:5   | Entered Level 5 of the Lair of Beasts
 13087 | Lair:5   | Reached XP level 13. HP: 89/98 MP: 20/20
 13614 | Lair:4   | HP: 2/98 [goliath frog (5)]
 13614 | Lair:4   | Splashed by a goliath frog's acid

Illustrated notes

Levels and vault maps discovered:
D:1:      noname_arrival_rooms_in_the_neighbourhood, layout_basic, hex_large
D:2:      layout_basic, grunt_ministairs_4
D:3:      layout_loops_ring, nicolae_overflow_hidden_temple, minivault_25
D:4:      layout_basic
D:5:      layout_rooms, kennysheep_okawaru_gauntlet, cheibriados_altar_2,
          general_overflow_altar, kennysheep_nondescript, grunt_decor_cap
D:6:      layout_rooms, chequers_arboretum
D:7:      layout_basic, trog_three_pillars_becter,
          mainiacjoe_overflow_tiny_flanked, fedhas_altar_2,
          minmay_temple_entry_trees, enter_bailey_2, uniq_prince_ribbit1
D:8:      layout_gridville
D:9:      layout_loops_corners, nicolae_ru_path_of_blood, serial_demonic,
          serial_demonic_e, serial_demonic_f, serial_demonic_d,
          serial_demonic_a, serial_demonic_b, serial_demonic_b,
          nicolae_shop_vocational
D:10:     layout_basic, mainiacjoe_overflow_six_doors_small,
          jmf_multi_god_temple, mainiacjoe_overflow_surrounded_room,
          erik_lair_island
Lair:1:   layout_roguey, lemuel_fruit_tree, lemuel_fruit_fields,
          infiniplex_staircase_pool_2, serial_bayou_shore_a, grunt_megastairs_3
Lair:2:   dreamdust_cave_troll, layout_misc_corridors
Lair:3:   layout_cave_pods, minmay_swamp_entry_eels,
          minmay_snake_entry_guardpost_medium, enter_volcano_4
Lair:4:   layout_roguey, minivault_23, beast_lair_carwin_10, uniq_urug,
          uniq_josephine
Lair:5:   minmay_lair_end_frog_pond, layout_cave_shapes,
          minmay_slime_entry_oklob_enclosed, dpeg_oklob_1, serial_bayou_shore_b

Skill      XL: |  1  2  3  4  5  6  7  8  9 10 11 12 |
---------------+-------------------------------------+-----
Stealth        | 1 |  1.5
Fighting       | 3 4 7 8 |  8.0
Axes           | 1 2 3 5 6 9 12 | 12.0
Spellcasting   | 1 3 5 |  5.0
Transmutations | 1 3 5 |  5.0
Evocations     | 5 |  5.0
Throwing       | 2 8 |  8.0
Armour         | 9 |  9.8
Short Blades   | |  2.6
Dodging        | |  2.6

Action                     |  1- 3 |  4- 6 |  7- 9 | 10-12 | 13-15 || total
---------------------------+-------+-------+-------+-------+-------++-------
  Melee: Rapier            |    95 |       |       |       |       ||    95
         Hand axe          |     8 |    69 |   275 |   605 |    23 ||   980
         Punch             |       |     1 |     5 |     4 |       ||    10
  Throw: Throwing net      |     1 |       |       |       |       ||     1
         Dart              |       |       |     3 |    10 |       ||    13
         Boomerang         |       |       |       |    30 |    14 ||    44
         Javelin           |       |       |       |       |     2 ||     2
   Cast: Wereblood         |       |       |     8 |    15 |       ||    23
 Invoke: Heroism           |       |       |       |     6 |       ||     6
         Finesse           |       |       |       |     1 |       ||     1
  Evoke: Wand              |       |       |       |     2 |       ||     2
    Use: Scroll            |    11 |     4 |     3 |     9 |     1 ||    28
         Potion            |     2 |       |       |     5 |       ||     7
   Stab: Sleeping          |     2 |     3 |     3 |     1 |       ||     9
         Held in net/web   |     1 |       |       |       |       ||     1
         Paralysed         |       |       |       |     9 |       ||     9
 Armour: Leather armour    |    38 |    35 |   103 |       |       ||   176
         Steam dragon scal |       |       |    12 |    69 |       ||    81
         Troll leather arm |       |       |       |   245 |    25 ||   270
  Dodge: Dodged            |    57 |    40 |   148 |   375 |    19 ||   639
  Block: Buckler           |       |       |       |   128 |    16 ||   144
         Kite shield       |       |       |       |    35 |       ||    35
         Reflection        |       |       |       |     4 |     2 ||     6

Table legend: (Time is in decaauts)
 A = Elapsed time spent in this place.
 B = Non-inter-level travel time spent in this place.
 C = Inter-level travel time spent in this place.
 D = Time resting spent in this place.
 E = Time spent auto-exploring this place.
 F = Levels seen in this place.
 G = Mean time per level.
                   A        B        C        D        E       F      G
               +--------+--------+--------+--------+--------+-----+--------+
         Total |  13504 |  13066 |    438 |   1849 |   8932 |  17 |  794.4 |
       Dungeon |   7955 |   7613 |    342 |    628 |   5794 |  10 |  795.5 |
          Lair |   4882 |   4786 |     96 |   1221 |   2693 |   5 |  976.4 |
        Bailey |    422 |    422 |      0 |      0 |    296 |   1 |  422.0 |
       Volcano |    244 |    244 |      0 |      0 |    149 |   1 |  244.0 |
               +--------+--------+--------+--------+--------+-----+--------+

Top non-repeatable levels by time:
  Lair:3: 1553 daAuts
  Lair:4: 1547 daAuts
  Lair:2: 1527 daAuts
     D:8: 1180 daAuts
    D:10: 1129 daAuts
     D:3: 883 daAuts
     D:2: 871 daAuts
     D:4: 826 daAuts
     D:7: 815 daAuts
     D:6: 784 daAuts
     D:5: 775 daAuts
     D:1: 548 daAuts
  Bailey: 422 daAuts
 Volcano: 244 daAuts
  Lair:5: 207 daAuts
